 Dungeon Crawl Stone Soup version 0.22.1-2-g9c5b331 (webtiles) character file.

163 Fang the Skirmisher (level 5, -11/34 HPs)
             Began as a Gargoyle Berserker on Dec 4, 2018.
             Was a Believer of Trog.
             Killed by divine providence
             ... invoked by an orc priest
              (12 damage)
             ... on level 3 of the Dungeon.
             The game lasted 00:03:33 (1597 turns).

Fang the Skirmisher (Gargoyle Berserker)            Turns: 1597, Time: 00:03:34

Health: -11/34     AC: 13    Str: 22    XL:     5   Next: 44%
Magic:  5/5        EV:  8    Int:  7    God:    Trog [**....]
Gold:   130        SH:  0    Dex:  9    Spells: 4/4 levels left

rFire    . . .     SeeInvis .   a - +0 hand axe
rCold    . . .     Gourm    .   (no shield)
rNeg     + . .     Faith    .   e - +0 chain mail
rPois    ∞         Spirit   .   (no helmet)
rElec    +         Reflect  .   (no cloak)
rCorr    .         Harm     .   (no gloves)
MR       .....                  (no boots)
Stlth    ..........             j - amulet of the acrobat
HPRegen  0.11/turn              (no ring)
MPRegen  0.09/turn              (no ring)

@: berserk cooldown, slowed, very slow
A: negative energy resistance 1, electricity resistance, unbreathing,
petrification resistance, rot immunity, AC +4
a: Berserk, Trog's Hand, Renounce Religion


You were on level 3 of the Dungeon.
You worshipped Trog.
Trog was pleased with you.
You were not hungry.

You visited 1 branch of the dungeon, and saw 3 of its levels.

You collected 130 gold pieces.

Inventory:

Hand Weapons
 a - a +0 hand axe (weapon)
Armour
 e - a +0 chain mail (worn)
Jewellery
 j - an amulet of the acrobat (around neck)
Scrolls
 d - 8 scrolls of identify {unknown}
 g - 3 scrolls of remove curse {unknown}
 i - a scroll of fog {unknown}
 k - a scroll of immolation {unknown}
 l - a scroll of noise {unknown}
 n - a scroll of blinking {unknown}
 p - 2 scrolls of teleportation {unknown}
Potions
 b - 2 potions of resistance {unknown}
 f - 2 potions of ambrosia {unknown}
 h - a potion of cancellation {unknown}
 m - a potion of curing {unknown}
 q - a potion of flight {unknown}
Comestibles
 c - 6 rations
 o - 2 chunks of flesh


   Skills:
 + Level 4.3 Fighting
 + Level 4.1 Axes
 + Level 2.8 Armour
 + Level 2.2 Dodging


You had 4 spell levels left.
You didn't know any spells.
Your spell library was empty.

Dungeon Overview and Level Annotations

Branches:
Dungeon (3/15)

Altars:
Cheibriados


Innate Abilities, Weirdness & Mutations

You are resistant to torment.
Your stone body is resilient. (AC +4)
You are immune to poison.
You resist negative energy. (rN+)
You are resistant to electric shocks. (rElec)
You can survive without breathing.
You are immune to petrification.
You are immune to rotting.


Message History

The orc is almost dead.
You hit the orc priest. The orc priest closely misses you.
The orc hits you but does no damage.
An orc wizard comes into view. It is wielding a dagger of pain.
The orc priest mumbles some strange prayers to Beogh against you.
Beogh smites you!
* * * LOW HITPOINT WARNING * * *
The orc hits you but does no damage.
The orc wizard shouts!
You slash the orc priest!
The orc priest is almost dead.
You hit the orc but do no damage. The orc priest completely misses you.
The orc hits you but does no damage.
Unknown command.
You hit the orc priest but do no damage.
The orc priest is almost dead.
You closely miss the orc. The orc hits you but does no damage.
The orc priest invokes the aid of Beogh against you.
Beogh smites you!
You die...

##.##.# .# ## ##.##.#
###..## #. ##.##.#
#.....# ##. ##.##.#
#.....# ...##.. #..##.#
#.....# #...... #.###.#
#.....####. #..#### ..#
#.# ##....(..... .. .##
#.# ####)......###
#####.####...)..@o.o..#
....†...((..)#..o.>##.#
##......(..#.....###
#.....(.#######...
#.......# ####..
#......## # #......#
#......# #......#


You could see an orc priest, an orc wizard and an orc.

Vanquished Creatures
  An orc priest (D:3)
  5 adders
  3 worms
  5 leopard geckos
  4 orcs (D:3)
  5 bats
  9 giant cockroaches
  9 goblins
  10 hobgoblins
  4 kobolds
  A quokka (D:2)
  2 ball pythons (D:2)
  4 frilled lizards (D:2)
  7 rats
69 creatures vanquished.

Notes
Turn   | Place    | Note
-------+----------+-------------------------------------------
     0 | D:1      | Fang the Gargoyle Berserker began the quest for the Orb.
     0 | D:1      | Reached XP level 1. HP: 14/14 MP: 1/1
    76 | D:1      | Reached XP level 2. HP: 16/19 MP: 2/2
   335 | D:1      | Reached XP level 3. HP: 24/24 MP: 3/3
   694 | D:2      | Found a snail-covered altar of Cheibriados.
   720 | D:2      | Reached ** piety under Trog
   772 | D:2      | Reached XP level 4. HP: 20/29 MP: 4/4
  1154 | D:2      | Found a faded altar of an unknown god.
  1487 | D:3      | Reached XP level 5. HP: 30/33 MP: 5/5
  1595 | D:3      | HP: 1/34 [orc priest/divine providence (14)]
  1597 | D:3      | Killed from afar by an orc priest

Skill      XL: |  1  2  3  4  5 |
---------------+----------------+-----
Axes           | 3 4 |  4.1
Dodging        | 2 |  2.2
Fighting       | 4 |  4.3
Armour         | |  2.8

Action                   |  1- 3 |  4- 6 || total
-------------------------+-------+-------++-------
Melee: Hand axe          |   126 |   122 ||   248
Invok: Berserk           |       |     1 ||     1
  Eat: Chunk             |       |     4 ||     4
Armor: Animal skin       |    16 |       ||    16
       Chain mail        |    74 |    81 ||   155
Dodge: Dodged            |    83 |    64 ||   147
